 Dungeon Crawl Stone Soup version 0.30-a0-210-g01b79a254e (webtiles) character file.

Game seed: 248637040693493644

4 LnG the Caller (level 1, 0/10 HPs)
             Began as a Kobold Summoner on Oct 5, 2022.
             Slain by a quokka (3 damage)
             ... on level 1 of the Dungeon.
             The game lasted 00:00:58 (345 turns).

LnG the Caller (Kobold Summoner)                     Turns: 345, Time: 00:00:58

Health: 0/10       AC:  4    Str:  5    XL:     1   Next: 77%
Magic:  2/3        EV: 15    Int: 16    God:
Gold:   19         SH:  0    Dex: 15    Spells: 3/4 levels left

rFire   . . .      SeeInvis .    (weapon restricted)
rCold   . . .      Faith    .    (no shield)
rNeg    . . .      Spirit   .    a - +0 robe
rPois   .          Reflect  .    c - +2 hat
rElec   .          Harm     .    (no cloak)
rCorr   .          Rampage  .    (no gloves)
Will    .....                    (no boots)
Stlth   +++.......               (no amulet)
HPRegen 0.21/turn                (no ring)
MPRegen 0.08/turn                (no ring)

@: no status effects
A: small, no large weapons, nightstalker 3
a: no special abilities


You were on level 1 of the Dungeon.
You visited 1 branch of the dungeon, and saw 1 of its levels.

You collected 19 gold pieces.

Inventory:

Armour
 a - a +0 robe (worn)
 c - a +2 hat (worn)
Scrolls
 d - a scroll of teleportation {unknown}
Potions
 b - a potion of magic


   Skills:
 + Level 2.5 Dodging
 + Level 2.7 Stealth
 + Level 2.2 Spellcasting
 + Level 4.1 Summonings


You had 3 spell levels left.
You knew the following spells:

 Your Spells              Type           Power      Damage    Failure   Level
a - Summon Small Mammal   Summ           60%        N/A       3%          1

Your spell library contained the following spells:

 Spells                   Type           Power      Damage    Failure   Level
 Call Imp                 Summ           15%        N/A       5%          2
 Call Canine Familiar     Summ           15%        N/A       11%         3
 Summon Guardian Golem    Hex/Summ       8%         N/A       26%         3
 Summon Lightning Spire   Summ/Air       8%         N/A       65%         4


Dungeon Overview and Level Annotations

Branches:
Dungeon (1/15)

Altars:


Innate Abilities, Weirdness & Mutations

You are small and have problems with some larger weapons.
You are completely attuned to the shadows.


Message History

The quokka twitches its whiskers.
The quokka closely misses your quokka.
Your quokka closely misses the quokka.
The quokka closely misses your quokka.
Your quokka closely misses the quokka.
The quokka bites your quokka. The quokka bites your quokka.
Your quokka dies!
Your quokka's corpse disappears in a puff of smoke!
Casting: Summon Small Mammal (safe; 3% risk of failure)
Confirm with . or Enter, or press ? or * to list all spells.
The quokka barely misses you.
You barely miss the quokka.
The quokka bites you but does no damage.
You closely miss the quokka. The quokka barely misses you.
The quokka closely misses you.
You hit the quokka but do no damage. The quokka barely misses you.
Your rat misses the quokka. You closely miss the quokka. The quokka bites you.
Your rat bites the quokka but does no damage.
You hit the quokka but do no damage. The quokka closely misses you.
Your rat barely misses the quokka.
You hit the quokka but do no damage. The quokka closely misses you.
Your rat closely misses the quokka.
You closely miss the quokka. The quokka closely misses you. x2
Your rat barely misses the quokka.
You hit the quokka but do no damage. The quokka closely misses you.
Your rat closely misses the quokka.
You hit the quokka but do no damage. The quokka completely misses you.
Your rat barely misses the quokka.
You hit the quokka but do no damage.
The quokka bites you but does no damage.
Your rat bites the quokka.
You closely miss the quokka.
The quokka is lightly wounded.
The quokka bites you.
Your rat closely misses the quokka.
You hit the quokka but do no damage.
The quokka is lightly wounded.
The quokka bites you.
* * * LOW HITPOINT WARNING * * *
The quokka bites you.
You die...

....[#
.....#####
...).....#
.........#
...r@....+
###r#....#
#.#....#####
#.+.........
###.....##
#####.##
##.#### #
##...### ###
###...###(.


You could see a quokka (ally target) and a friendly rat (summoned).

Vanquished Creatures
  A hobgoblin (D:1)
1 creature vanquished.

Vanquished Creatures (collateral kills)
  2 ball pythons (D:1)
  A bat (D:1)
  A kobold (D:1)
  A rat (D:1)
5 creatures vanquished.

Grand Total: 6 creatures vanquished

Notes
Turn   | Place    | Note
-------+----------+-------------------------------------------
     0 | D:1      | LnG the Kobold Summoner began the quest for the Orb.
     0 | D:1      | Reached XP level 1. HP: 10/10 MP: 3/3
   345 | D:1      | Slain by a quokka

Illustrated notes

Levels and vault maps discovered:
D:1:      dpeg_arrival_simpleton_a, layout_basic,
          hellmonk_ecumenical_altar_lost_god, chequers_arboretum,
          minmay_misc_feat_plants, nrook_mini_backslash

Action                   || total
-------------------------++-------
Melee: Unarmed           ||    39
 Cast: Summon Small Mamm ||    10
 Stab: Sleeping          ||     1
Armor: Robe              ||     9
Dodge: Dodged            ||    39

Table legend: (Time is in decaauts)
 A = Elapsed time spent in this place.
 B = Non-inter-level travel time spent in this place.
 C = Inter-level travel time spent in this place.
 D = Time resting spent in this place.
 E = Time spent auto-exploring this place.
 F = Levels seen in this place.
 G = Mean time per level.
                   A        B        C        D        E       F      G
               +--------+--------+--------+--------+--------+-----+--------+
         Total |    345 |    345 |      0 |      0 |    224 |   1 |  345.0 |
       Dungeon |    345 |    345 |      0 |      0 |    224 |   1 |  345.0 |
               +--------+--------+--------+--------+--------+-----+--------+

Top non-repeatable levels by time:
     D:1: 345 daAuts
